 Dungeon Crawl Stone Soup version 0.30.1-4-g462c640d31 (webtiles) character file.

Game seed: 3074119855607526087

23 Zeor the Trooper (level 3, 24/24 HPs)
             Began as a Gargoyle Berserker on Aug 21, 2023.
             Was a Follower of Trog.
             Got out of the dungeon alive.
             The game lasted 00:01:39 (807 turns).

Zeor the Trooper (Gargoyle Berserker)                Turns: 807, Time: 00:01:39

Health: 24/24      AC:  6    Str: 22    XL:     3   Next: 0%
Magic:  3/3        EV: 12    Int:  7    God:    Trog [*.....]
Gold:   26         SH:  0    Dex:  9    Spells: 2/2 levels left

rFire   . . .        a - +0 mace
rCold   . . .        (no shield)
rNeg    + . .        b - +1 animal skin
rPois   ∞            (no helmet)
rElec   +            (no cloak)
rCorr   .            (no gloves)
SInv    .            (no boots)
Will    .....        (no amulet)
Stlth   +            (no ring)
HPRegen 0.24/turn    (no ring)
MPRegen 0.08/turn

%: no passive effects
@: no status effects
A: sickness immunity, AC +3, negative energy resistance 1, electricity
resistance, torment resistance 1, petrification resistance
a: Renounce Religion, Berserk


You escaped.
You worshipped Trog.
Trog was aware of your devotion.
You visited 1 branch of the dungeon, and saw 1 of its levels.

You collected 26 gold pieces.

Inventory:

Hand Weapons
 a - a +0 mace (weapon)
Armour
 b - a +1 animal skin (worn)
Potions
 c - a potion of magic
 f - a potion of mutation {unknown}
 g - a potion of attraction {unknown}
 i - a potion of curing {unknown}


   Skills:
 + Level 3.6 Fighting
 + Level 3.3 Maces & Flails
 + Level 2.5 Armour
 + Level 1.8 Dodging


You had 2 spell levels left.
You didn't know any spells.
Your spell library was empty.

Dungeon Overview and Level Annotations

Branches:
Dungeon (1/15)

Altars:


Innate Abilities, Weirdness & Mutations

You are immune to sickness and miasma.
Your stone body is resilient. (AC +3)
You are immune to poison.
You resist negative energy. (rN+)
You are resistant to electric shocks. (rElec)
You are resistant to unholy torment.
You are immune to petrification.


Message History

You see here 2 poisoned darts.
A dart slug comes into view.
You sock the dart slug!
The dart slug is severely wounded.
The dart slug launches a dart at you.
The slug dart hits you but does no damage.
You hit the dart slug.
You kill the dart slug!
Trog accepts your kill.
You start waiting.
You feel your willpower return.
You see here a +0 war axe.
d - a scroll labelled XOCEIC BOV The air fills with toxic fumes!
As you read the scroll labelled XOCEIC BOV, it crumbles to dust.
It was a scroll of poison.
You open the door.
There is an open door here.
There is an open door here.
There is a stone staircase leading down here.
A rat comes into view.
A rat is nearby!
The helpless rat fails to defend itself.
You thump the rat!
You kill the rat!
Trog accepts your kill.
You have reached level 3!
Your experience leads to an increase in your attributes!
Increase (S)trength, (I)ntelligence, or (D)exterity?
You feel stronger. x2
Found a short sword.
You see here a +0 short sword.
Done exploring.
Done exploring.
Key pressed, stopping travel.
There is an open door here.
There is a staircase leading out of the dungeon here.
Enter note: more like trug Are you sure you want to leave the Dungeon?
This will make you lose the game!
You have escaped!

∙∙▒∙∙∙∙▒▒▒▒▒∙▒ ▒∙▒∙▒
∙∙∙∙∙∙∙▒∙∙∙∙∙▒ ▒∙▒∙▒▒▒
∙▒▒∙▒▒'▒▒▒▒▒▒▒ ▒▒▒'▒∙∙∙▒▒▒▒▒▒▒
∙▒▒∙▒▒∙▒∙▒♣♣♣♣♣▒∙▒∙▒∙∙∙∙∙∙∙∙∙▒
∙▒▒∙▒▒∙∙∙∙∙∙∙∙∙∙∙∙∙▒∙∙∙∙∙∙∙▒∙▒▒▒▒
∙▒▒∙▒▒∙∙♣∙∙♣∙♣∙∙♣∙∙▒∙∙∙▒▒▒∙▒∙∙∙∙∙
÷▒▒∙▒▒~▒♣♣∙∙~∙∙♣♣▒~▒▒▒∙▒ ▒∙▒▒▒▒▒▒
∙▒▒∙▒▒≈▒P♣∙~~~∙♣P▒≈▒ ▒∙▒ ▒∙▒
∙▒▒∙▒▒≈▒>∙∙≈8~∙∙9▒≈▒ ▒∙▒ ▒∙▒
∙∙∙∙∙▒≈▒P♣∙≈≈~∙♣P▒≈▒ ▒∙▒ ▒∙▒
▒∙▒∙∙▒≈▒♣♣∙∙~∙∙♣♣▒~▒ ▒∙▒ ▒∙▒
▒∙▒▒▒▒∙∙♣∙∙♣∙♣∙∙♣∙∙▒▒▒∙▒ ▒∙▒ )∙∙▒
▒∙∙∙∙∙∙∙∙∙∙∙∙∙▒∙∙∙▒ ▒∙▒
∙∙∙▒▒▒∙▒∙▒♣♣♣♣♣▒∙▒∙▒▒▒∙▒ ▒∙▒
∙∙∙∙∙▒'▒▒▒▒ ▒▒▒'▒ ▒∙▒ ▒∙▒
∙∙∙▒▒▒∙∙∙∙▒▒▒▒▒▒∙▒∙▒ ▒∙▒ ▒∙▒ ▒▒∙▒
▒▒∙∙▒▒∙∙∙∙∙∙∙∙▒▒▒∙▒ ▒∙▒▒▒▒▒▒


There were no monsters in sight!

Vanquished Creatures
  2 dart slugs (D:1)
  A ball python (D:1)
  2 endoplasms (D:1)
  A giant cockroach (D:1)
  A goblin (D:1)
  3 hobgoblins (D:1)
  2 bats (D:1)
  2 frilled lizards (D:1)
  2 kobolds (D:1)
  3 rats (D:1)
19 creatures vanquished.

Notes
Turn   | Place    | Note
-------+----------+-------------------------------------------
     0 | D:1      | Zeor the Gargoyle Berserker began the quest for the Orb.
     0 | D:1      | Reached XP level 1. HP: 14/14 MP: 1/1
   176 | D:1      | Reached XP level 2. HP: 18/19 MP: 2/2
   678 | D:1      | Reached XP level 3. HP: 24/24 MP: 3/3
   806 | D:1      | more like trug
   807 | D:$      | Got out of the dungeon alive.

Illustrated notes

∙∙▒∙∙∙∙▒▒▒▒▒∙▒ ▒∙▒∙▒
∙∙∙∙∙∙∙▒∙∙∙∙∙▒ ▒∙▒∙▒▒▒
∙▒▒∙▒▒'▒▒▒▒▒▒▒ ▒▒▒'▒∙∙∙▒▒▒▒▒▒▒
∙▒▒∙▒▒∙▒∙▒♣♣♣♣♣▒∙▒∙▒∙∙∙∙∙∙∙∙∙▒
∙▒▒∙▒▒∙∙∙∙∙∙∙∙∙∙∙∙∙▒∙∙∙∙∙∙∙▒∙▒▒▒▒
∙▒▒∙▒▒∙∙♣∙∙♣∙♣∙∙♣∙∙▒∙∙∙▒▒▒∙▒∙∙∙∙∙
÷▒▒∙▒▒~▒♣♣∙∙~∙∙♣♣▒~▒▒▒∙▒ ▒∙▒▒▒▒▒▒
∙▒▒∙▒▒≈▒P♣∙~~~∙♣P▒≈▒ ▒∙▒ ▒∙▒
∙▒▒∙▒▒≈▒>∙∙≈8~∙∙9▒≈▒ ▒∙▒ ▒∙▒
∙∙∙∙∙▒≈▒P♣∙≈≈~∙♣P▒≈▒ ▒∙▒ ▒∙▒
▒∙▒∙∙▒≈▒♣♣∙∙~∙∙♣♣▒~▒ ▒∙▒ ▒∙▒
▒∙▒▒▒▒∙∙♣∙∙♣∙♣∙∙♣∙∙▒▒▒∙▒ ▒∙▒ )∙∙▒
▒∙∙∙∙∙∙∙∙∙∙∙∙∙▒∙∙∙▒ ▒∙▒
∙∙∙▒▒▒∙▒∙▒♣♣♣♣♣▒∙▒∙▒▒▒∙▒ ▒∙▒
∙∙∙∙∙▒'▒▒▒▒ ▒▒▒'▒ ▒∙▒ ▒∙▒
∙∙∙▒▒▒∙∙∙∙▒▒▒▒▒▒∙▒∙▒ ▒∙▒ ▒∙▒ ▒▒∙▒
▒▒∙∙▒▒∙∙∙∙∙∙∙∙▒▒▒∙▒ ▒∙▒▒▒▒▒▒


Turn 806 on D:1: more like trug

Levels and vault maps discovered:
D:1:      tarquinn_simple_flora_water_b, layout_loops_ring, minivault_27

Action                     || total
---------------------------++-------
  Melee: Mace              ||    44
         Punch             ||     1
    Use: Scroll            ||     5
   Stab: Sleeping          ||     1
 Armour: Animal skin       ||    12
  Dodge: Dodged            ||    28
